 Dungeon Crawl Stone Soup version 0.30-a0-6-g7c9e10e132 (webtiles) character file.

Game seed: 9772317295979086712

260398 Flugkiller the Warrior (level 18, -26/178 HPs)
             Began as a Minotaur Fighter on Aug 22, 2022.
             Was a High Priest of Qazlal.
             Killed from afar by a fire giant (43 damage)
             ... with a bolt of fire
             ... on level 3 of the Depths.
             The game lasted 00:23:21 (32962 turns).

Flugkiller the Warrior (Minotaur Fighter)          Turns: 32962, Time: 00:23:21

Health: -26/178    AC: 35    Str: 28    XL:     18   Next: 70%
Magic:  4/24       EV: 17    Int: 10    God:    Qazlal [*****.]
Gold:   3815       SH: 21    Dex: 21    Spells: 17/17 levels left

rFire   + . .      SeeInvis +    a - +5 broad axe of the Usurping Sybil {freeze, Int+4 Dex+3}
rCold   + + +      Faith    .    v - +1 kite shield {rPois}
rNeg    + + .      Spirit   .    R - +9 plate armour of Fuathrodi {rElec rN+ Int-5 Dex+8}
rPois   +          Reflect  .    T - +2 hat
rElec   +          Harm     .    W - +0 cloak {Stlth+}
rCorr   .          Rampage  .    p - +2 pair of gloves
Will    ++...                    U - +2 pair of boots
Stlth   ..........               Y - amulet of regeneration
HPRegen 1.19/turn                m - ring of willpower
MPRegen 0.19/turn                F - ring of the Raven {Contam rC+++ rN+ Str+3 SInv}

@: protected from fire, corroded, repel missiles
A: horns 2, retaliatory headbutt, clever 1
}: 3/15 runes: decaying, abyssal, gossamer
a: Renounce Religion, Upheaval, Elemental Force, Disaster Area


You were on level 3 of the Depths.
You worshipped Qazlal.
Qazlal was extremely pleased with you.
You visited 7 branches of the dungeon, and saw 34 of its levels.
You visited the Abyss 1 time.
You also visited: Sewer, Ossuary, Gauntlet, Ice Cave and Volcano.

You collected 4350 gold pieces.
You spent 535 gold pieces at shops.

Inventory:

Hand Weapons
 a - the +5 broad axe of the Usurping Sybil (weapon) {freeze, Int+4 Dex+3}
   (You acquired it on level 13 of the Dungeon)

   It freezes those it strikes, dealing additional cold damage.
   It can also slow down cold-blooded creatures.
   Int:       It affects your intelligence (+4).
   Dex:       It affects your dexterity (+3).
 k - a +0 broad axe of chaos
   (You took it off an orc knight on level 2 of the Orcish Mines)
Missiles
 y - 5 throwing nets (quivered)
Armour
 p - a +2 pair of gloves (worn)
   (You found it on level 1 of the Dungeon)
 v - a +1 kite shield of poison resistance (worn)
   (You found it on level 4 of the Swamp)
 L - the +2 hat of the Bear Spirit {Spirit, *Rage Will++}
   (You found it in an ice cave)

   Going berserk makes the wearer tougher, and they're slowed less afterward.
   *Rage:     It berserks you when you make melee attacks (+20% chance).
   Will:      It greatly increases your willpower.
 R - the +9 plate armour of Fuathrodi (worn) {rElec rN+ Int-5 Dex+8}
   (You found it on level 5 of the Lair of Beasts)

   Int:       It affects your intelligence (-5).
   Dex:       It affects your dexterity (+8).
   rElec:     It insulates you from electricity.
   rN:        It protects you from negative energy.
 T - a +2 hat (worn)
   (You found it on level 2 of the Lair of Beasts)
 U - a +2 pair of boots (worn)
   (You found it on level 3 of the Lair of Beasts)
 W - a +0 cloak of stealth (worn)
   (You found it in a Gauntlet)
Jewellery
 f - a ring of protection from fire
   (You found it on level 3 of the Dungeon)
 m - a ring of willpower (left hand)
   (You found it on level 13 of the Dungeon)
 o - a ring of poison resistance
   (You took it off an orc priest on level 5 of the Dungeon)
 F - the ring of the Raven (right hand) {Contam rC+++ rN+ Str+3 SInv}
   (You found it on level 3 of the Lair of Beasts)

   [ring of see invisible]

   Str:       It affects your strength (+3).
   rC:        It renders you almost immune to cold.
   rN:        It protects you from negative energy.
   SInv:      It lets you see invisible.
   Contam:    It causes magical contamination when unequipped.
 O - a ring of protection from fire
   (You found it on level 15 of the Dungeon)
 S - a ring of wizardry
   (You found it on level 2 of the Swamp)
 Y - an amulet of regeneration (around neck)
   (You found it in a Gauntlet)
 Z - an amulet of guardian spirit
   (You found it on level 4 of the Spider Nest)
Wands
 g - a wand of digging (8)
   (You took it off a spriggan on level 5 of the Lair of Beasts)
 x - a wand of mindburst (21)
   (You found it on level 2 of the Dungeon)
 C - a wand of paralysis (25)
   (You found it on level 6 of the Dungeon)
 J - a wand of iceblast (23)
   (You found it on level 7 of the Dungeon)
 X - a wand of acid (11)
   (You found it in a Gauntlet)
Scrolls
 e - 4 scrolls of fear
 l - 11 scrolls of magic mapping
 r - 13 scrolls of identify
 t - 12 scrolls of teleportation
 z - a scroll of blinking
 A - 5 scrolls of vulnerability
 B - 7 scrolls of enchant armour
 I - 9 scrolls of enchant weapon
 K - 4 scrolls of fog
 M - a scroll of summoning
 N - 3 scrolls of silence
Potions
 c - 5 potions of ambrosia
 d - 9 potions of might
 h - 11 potions of haste
 i - 4 potions of lignification
 j - 4 potions of invisibility
 n - 2 potions of resistance
 q - 8 potions of curing
 s - 4 potions of cancellation
 u - 3 potions of berserk rage
 D - 8 potions of flight
 G - 4 potions of magic
 Q - 3 potions of mutation


   Skills:
 - Level 20.0 Fighting
 - Level 18.0 Axes
 - Level 19.9 Armour
 - Level 15.4 Dodging
 - Level 13.0 Shields
 + Level 10.5 Invocations
 - Level 6.0 Evocations


You had 17 spell levels left.
You didn't know any spells.
Your spell library was empty.

Dungeon Overview and Level Annotations

Branches:
Dungeon (15/15)            Temple (1/1) D:4            Lair (5/5) D:10
  Swamp (4/4) Lair:2       Spider (4/4) Lair:2        Slime (0/5) Lair:4
    Orc (2/2) D:11            Elf (0/3) Orc:2        Vaults (0/5) D:14
 Depths (3/4) D:15          Sewer (visited)         Ossuary (visited)
  IceCv (visited)         Volcano (visited)         Gauntlet (visited)

Altars:
Ashenzari
Dithmenos
Elyvilon
Fedhas
Gozag
Hepliaklqana
Kikubaaqudgha
Makhleb
Nemelex Xobeh
Okawaru
Qazlal
Ru
Sif Muna
Trog
Uskayaw
Wu Jian
Xom
The Shining One
Jiyva
Lugonu

Shops:
D:4 (   D:7 *   D:9 *   Orc:1 *   Orc:2 :!:[=   Depths:2 (

Portals:
Hell: Depths:3
Abyss: Lair:5 Depths:1

Annotations:
D:11 1 runed translucent door, heinrich's ghost, journeyman MeCA
Lair:4 1 runed translucent door, Mopsi's ghost, journeyman DsBe


Innate Abilities, Weirdness & Mutations

You have a pair of horns on your head.
You reflexively headbutt those who attack you in melee.
Your mind is acute. (Int +4, Str/Dex -1)


Message History

You headbutt the brown very ugly thing.
The brown very ugly thing is almost dead.
You barely miss the brown very ugly thing.
You hit the iron troll but do no damage.
You barely miss the shadow dragon. You slice the iron troll!!
You freeze the iron troll.
You kill the iron troll!
Qazlal accepts your kill.
You hit the frost giant. You block the shadow dragon's attack.
The shadow dragon claws you but does no damage. x2
The red ugly thing is engulfed in blazing flames.
You block the iron troll's attack. The iron troll claws you!
* * * LOW HITPOINT WARNING * * *
The iron troll misses you.
The frost giant hits you with a +2 battleaxe of freezing!!
* * * LOW HITPOINT WARNING * * *
You feel more protected from physical attacks.
The frost giant freezes you.
* * * LOW HITPOINT WARNING * * *
Unknown command.
You feel much better. The brown very ugly thing misses you.
You block the shadow dragon's attack.
The shadow dragon claws you but does no damage.
You block the shadow dragon's attack.
The brown very ugly thing barely misses you.
You furiously retaliate!
You headbutt the brown very ugly thing, but do no damage.
The red ugly thing completely misses you.
The red very ugly thing basks in the mutagenic energy from its kin and changes!
The iron troll is engulfed in freezing vapours.
You block the iron troll's attack.
The iron troll claws you but does no damage.
The iron troll claws you.
* * * LOW HITPOINT WARNING * * *
The deep troll earth mage bites you but does no damage.
The deep troll earth mage claws you but does no damage.
The deep troll earth mage claws you!
* * * LOW HITPOINT WARNING * * *
The frost giant misses you.
The walking frostbound tome erupts in a flurry of living spells!
Blink to where?
Press: ? - help, Dir - move target A broodmother comes into view.
As you read the scroll of blinking, it crumbles to dust.
The broodmother's many legs skitter.
The broodmother changes into a radroach!
The shadow dragon is struck by lightning.
Unknown command.
Found a stone staircase leading up.
Okay, then.
The brown very ugly thing basks in the mutagenic energy from its kin and changes!
The red ugly thing basks in the mutagenic energy from its kin and changes!
Some rock shatters into small pieces.
You hear a shout!
You hear a grinding noise.
You open the door.
A fire giant and a wizard come into view.
The fire giant is wielding a +0 great sword of flaming.
The fire giant shouts!
The wizard shouts!
The shadow dragon breathes negative energy at you.
The bolt of negative energy misses you.
The fire giant points at you and mumbles some strange words.
The fireball explodes!
The fireball engulfs you!!
Your resistance to physical damage fades away.
You feel protected from fire.
* * * LOW HITPOINT WARNING * * *
The frost giant casts a spell at you. The bolt of cold misses you.
There is an open door here.
The fire giant is engulfed in freezing vapours.
You hear a grinding noise.
You slice the fire giant!! You freeze the fire giant.
The fire giant is heavily wounded.
You slash the fire giant! You freeze the fire giant.
The fire giant is severely wounded.
The fire giant closely misses you. You furiously retaliate!
You headbutt the fire giant.
The frost giant points at you and mumbles some strange words.
The bolt of cold hits you but does no damage.
You resist.
Your resistance to fire fades away.
You feel protected from cold.
You slash the brown very ugly thing! You freeze the brown very ugly thing.
The brown very ugly thing is almost dead.
You slice the fire giant!! You freeze the fire giant.
You hear a loud rustle.
The iron troll is no longer moving quickly.
You block the fire giant's attack.
The wizard gestures wildly while chanting.
The wizard flickers and vanishes for a moment.
The brown very ugly thing headbutts you but does no damage.
You hit the fire giant. You freeze the fire giant.
The fire giant is almost dead.
You slash the brown very ugly thing! You freeze the brown very ugly thing.
You kill the brown very ugly thing!
Qazlal accepts your kill.
The fire giant points at you and mumbles some strange words.
The bolt of fire hits you!!!
Your resistance to cold fades away.
You feel protected from fire.
You die...

........ ..# . .
......< ..#.
##.......# ...##
#........##+##...#
[............#...#
u.T..........#.p.+
.....T.......#...#
.T.T.uu..uD.T##C##
#..........##.D.@#
...#.###.#..#u°###
..... #..##C.....#
.....##.###.#...##
...........###.##
.B........##.###
.........##...##
........##..§..##
.......## #...#


You could see a shadow dragon, a frost giant, a red very ugly thing, a fire
giant, an ice dragon, an iron troll (strong), a cyan ugly thing and a wizard
(invisible).

Vanquished Creatures
  Sojobo (Depths:2)
  the Lernaean hydra (Swamp:4)
  Arachne (Spider:2)
  Jorgrun (D:14)
  A lich (Depths:1)
  2 tentacled starspawn (Abyss:4)
  4 tengu reavers
  The ghost of Gahoodgh the Fighter, an adept HuCj of Okawaru (D:15)
  4 emperor scorpions
  A frost giant (Depths:1)
  A ghost moth (Spider:4)
  An orc warlord (Orc:2)
  A broodmother (Spider:4)
  A draconian annihilator (Abyss:4)
  2 reapers (Depths:1)
  3 stone giants
  9 very ugly things
  An eleionoma (Swamp:3)
  Nessos (D:15)
  A bunyip (Swamp:3)
  6 entropy weavers
  3 spark wasps
  A minotaur (Gauntlet)
  Snorg (D:13)
  2 ettins
  2 fire dragons
  A shambling mangrove (Swamp:4)
  18 hydras
  8 boulder beetles
  2 ice dragons
  2 jorogumos
  A rakshasa (Depths:1)
  2 spriggan air magi
  5 centaur warriors
  2 ghost crabs
  An ogre mage (D:13)
  2 catoblepae (Lair:3)
  2 dancing weapons (D:14)
  2 radroaches (Spider:4)
  4 tengu warriors
  9 two-headed ogres
  2 deep troll earth magi (Depths:1)
  3 alligators
  4 death yaks (Lair:4)
  2 deep troll shamans
  2 spriggan berserkers (Depths:2)
  2 thrashing horrors (Lair:5)
  An orc high priest (Orc:2)
  A vampire mage (Depths:1)
  Amaemon (Lair:2)
  8 pharaoh ants
  6 iron trolls
  A goliath frog (Swamp:4)
  11 steelbarb worms
  8 deep trolls
  8 swamp dragons
  A deep elf archer (Volcano)
  10 bog bodies
  5 wizards
  8 orb spiders
  12 wolf spiders
  A manticore (shapeshifter) (Lair:5)
  7 orc knights (Orc:2)
  3 manticores
  8 orc sorcerers
  6 deep elf pyromancers (Volcano)
  4 cyclopes
  19 ugly things
  7 moths of wrath
  9 elephants
  2 apocalypse crabs
  Joseph (D:7)
  A smoke demon (Lair:5)
  3 black mambas
  A rust devil (Abyss:4)
  Maurice (Orc:1)
  2 orange demons
  2 ice statues (IceCv)
  A gargoyle (D:14)
  2 torpor snails
  A kobold demonologist (D:10)
  11 komodo dragons
  10 cane toads
  4 rime drakes
  2 demonic crawlers
  2 ancient zymes (Lair:5)
  An efreet (D:13)
  2 ice devils (Orc:1)
  A queen bee (Gauntlet)
  20 meliai
  9 trolls
  7 hornets
  5 polar bears
  A queen bee (shapeshifter) (D:14)
  7 slime creatures
  5 saltlings (Orc:2)
  16 tarantellas
  A tyrant leech (Swamp:3)
  11 dream sheep
  44 blink frogs
  A dream sheep (shapeshifter) (Lair:5)
  28 jumping spiders
  5 large abominations
  9 spriggans
  2 ynoxinuls (Lair:5)
  6 wraiths
  16 culicivoras
  A dire elephant simulacrum (IceCv)
  75 yaks
  3 vampires
  2 fire elementals (Volcano)
  2 yaks (shapeshifter)
  A hog (shapeshifter) (D:15)
  4 wyverns
  4 basilisks
  33 redbacks
  3 chaos spawn (Gauntlet)
  A neqoxec (Gauntlet)
  A death yak simulacrum (Lair:2)
  A steam dragon (D:7)
  28 vampire mosquitoes
  3 swamp worms (Swamp:4)
  Menkaure (D:7)
  6 wargs
  2 acid dragons
  11 hell hounds
  30 water moccasins
  9 swamp drakes
  26 orc warriors
  2 sky beasts
  A boulder beetle simulacrum (Lair:2)
  2 ice beasts
  A black bear (Lair:2)
  8 ogres
  13 wolves
  14 centaurs
  2 phantoms (D:4)
  7 kobold brigands
  11 bullfrogs
  2 necrophages
  3 cane toad simulacra
  A gnoll sergeant (D:8)
  12 scorpions
  3 wights (D:9)
  8 small abominations
  2 elephant simulacra (IceCv)
  14 killer bees
  5 electric eels
  2 howler monkeys
  A centaur zombie (Ossuary)
  A lava snake (Lair:2)
  A wyvern simulacrum (Lair:2)
  2 gnoll boudas (D:6)
  7 hounds
  A jelly (Lair:4)
  15 orc priests
  2 water moccasin simulacra (Lair:2)
  2 human zombies (Ossuary)
  22 orc wizards
  A polar bear simulacrum (IceCv)
  5 mummies (Ossuary)
  Robin (D:3)
  23 adders
  35 gnolls
  3 river rats (Sewer)
  3 shadow imps
  2 ufetubi
  6 worms
  2 dart slugs (D:1)
  73 orcs
  13 endoplasms
  3 giant cockroaches
  55 goblins
  34 hobgoblins
  6 jackals
  28 kobolds
  8 quokkas
  9 ball pythons
  5 bats
  4 frilled lizards
  A gnoll zombie (Ossuary)
  A goblin zombie (Ossuary)
  2 kobold zombies (Ossuary)
  An orc zombie (Ossuary)
  16 rats
  2 bushes (Depths:1)
  3 butterflies
  2 pillars of salt (Orc:2)
1278 creatures vanquished.

Vanquished Creatures (others)
  The ghost of olaf the Blocker, a journeyman GnFi of Nemelex Xobeh (Lair:2)
  A hydra (Swamp:4)
  A bog body (Swamp:4)
  2 bloated husks
  A tarantella (Spider:1)
  2 demonic plants
  27 fungi
  4 pillars of salt (Orc:2)
  54 plants
93 creatures vanquished.

Grand Total: 1371 creatures vanquished

Notes
Turn   | Place    | Note
-------+----------+-------------------------------------------
     0 | D:1      | Flugkiller the Minotaur Fighter began the quest for the
                  | Orb.
     0 | D:1      | Reached XP level 1. HP: 19/19 MP: 0/0
   258 | D:1      | Reached XP level 2. HP: 27/27 MP: 1/1
   700 | D:1      | Reached skill level 4 in Fighting
   876 | D:2      | Reached XP level 3. HP: 32/33 MP: 2/2
  1383 | D:2      | Reached XP level 4. HP: 39/40 MP: 3/3
  1954 | D:3      | Found an ornate altar of the Wu Jian Council.
  2120 | D:3      | Noticed a +0 falchion
  2120 | D:3      | Noticed a +0 dagger
  2121 | D:3      | Noticed a +0 short sword
  2122 | D:3      | Noticed a +0 spear
  2123 | D:3      | Noticed a +0 dagger
  2123 | D:3      | Noticed a +0 falchion
  2124 | D:3      | Noticed a +0 short sword
  2124 | D:3      | Noticed a +0 spear
  2138 | D:3      | Found a hide-covered altar of Uskayaw.
  2161 | D:3      | Noticed Robin
  2173 | D:3      | Killed Robin
  2174 | D:3      | Reached XP level 5. HP: 22/47 MP: 4/4
  2459 | D:3      | Found a shimmering blue altar of Sif Muna.
  2602 | D:3      | Reached skill level 5 in Axes
  2825 | D:4      | Reached skill level 5 in Fighting
  2825 | D:4      | Reached skill level 5 in Armour
  3064 | D:4      | Found Hytab's Weapon Shoppe.
  3107 | D:4      | Found a glowing drain.
  3112 | Sewer    | Entered a sewer
  3148 | Sewer    | Reached XP level 6. HP: 53/56 MP: 5/5
  3194 | Sewer    | HP: 2/56 [poisoned by a kobold brigand]
  3890 | Sewer    | Reached XP level 7. HP: 61/62 MP: 6/6
  4377 | D:4      | Reached skill level 6 in Fighting
  4461 | D:4      | Found a staircase to the Ecumenical Temple.
  4490 | Temple   | Entered the Ecumenical Temple
  4689 | Temple   | Became a worshipper of Qazlal Stormbringer
  4883 | D:4      | Reached skill level 1 in Evocations
  4941 | D:4      | Reached * piety under Qazlal
  5147 | D:4      | Reached XP level 8. HP: 70/70 MP: 7/7
  5281 | D:4      | Reached ** piety under Qazlal
  5478 | D:4      | Found a shadowy altar of Dithmenos.
  5480 | D:4      | Found a broken altar of Ashenzari.
  5782 | D:5      | Entered Level 5 of the Dungeon
  6038 | D:5      | Reached skill level 5 in Evocations
  6697 | D:5      | Reached skill level 1 in Invocations
  7117 | D:6      | Reached XP level 9. HP: 61/78 MP: 9/9
  7516 | D:6      | Reached skill level 7 in Fighting
  7669 | D:6      | Reached *** piety under Qazlal
  7817 | D:7      | Found a blossoming altar of Fedhas.
  8074 | D:7      | Found a sand-covered staircase.
  8138 | Ossuary  | Entered an ossuary
  8522 | D:7      | Noticed Joseph
  8534 | D:7      | Killed Joseph
  8535 | D:7      | Reached skill level 10 in Axes
  8546 | D:7      | Found Duagups's Assorted Antiques.
  8548 | D:7      | Noticed Menkaure
  8560 | D:7      | Killed Menkaure
  8561 | D:7      | Reached skill level 8 in Fighting
  8911 | D:7      | Bought a sapphire ring for 160 gold pieces
  8911 | D:7      | Bought a scroll labelled EVAKUWNIKU for 32 gold pieces
  8913 | D:7      | Identified a scroll of acquirement
  9194 | D:8      | Reached **** piety under Qazlal
  9195 | D:8      | Reached XP level 10. HP: 83/88 MP: 11/11
  9452 | D:8      | Found a sacrificial altar of Ru.
 10299 | D:9      | Noticed a two-headed ogre
 10308 | D:9      | Killed a two-headed ogre
 10565 | D:9      | Reached skill level 5 in Invocations
 10568 | D:9      | Reached skill level 9 in Fighting
 11025 | D:9      | Found Ovusat's Assorted Antiques.
 11056 | D:9      | Bought a runed war axe for 234 gold pieces
 11202 | D:9      | Reached ***** piety under Qazlal
 11209 | D:9      | Reached XP level 11. HP: 94/97 MP: 14/14
 11272 | D:9      | Found a burning altar of Makhleb.
 11272 | D:9      | Noticed a cacodemon
 11495 | D:10     | Entered Level 10 of the Dungeon
 11713 | D:10     | Noticed a two-headed ogre
 11720 | D:10     | Killed a two-headed ogre
 11721 | D:10     | Reached skill level 10 in Fighting
 11811 | D:10     | Reached skill level 10 in Armour
 11955 | D:10     | Noticed a two-headed ogre
 11980 | D:10     | Killed a two-headed ogre
 12302 | D:10     | Found a staircase to the Lair.
 12987 | D:11     | Noticed a two-headed ogre
 12996 | D:11     | Killed a two-headed ogre
 13057 | D:11     | Noticed a centaur warrior
 13064 | D:11     | Killed a centaur warrior
 13157 | D:11     | Found a runed translucent door.
 13159 | D:11     | Noticed heinrich's ghost (journeyman MeCA)
 13211 | D:11     | Reached XP level 12. HP: 101/108 MP: 16/16
 13338 | D:11     | Noticed a two-headed ogre
 13347 | D:11     | Killed a two-headed ogre
 13348 | D:11     | Reached skill level 11 in Fighting
 13579 | D:11     | Reached skill level 15 in Axes
 13917 | D:11     | Found a staircase to the Orcish Mines.
 14062 | D:11     | Acquired a +4 battleaxe of freezing
 14103 | Lair:1   | Entered Level 1 of the Lair of Beasts
 14203 | Lair:1   | Reached ****** piety under Qazlal
 14622 | Lair:1   | Reached skill level 1 in Dodging
 15062 | Lair:2   | Found a staircase to the Swamp.
 15115 | Lair:2   | Noticed olaf's ghost (journeyman GnFi)
 15124 | Lair:2   | Found a runed translucent gate.
 15124 | Lair:2   | Found a runed translucent gate.
 15124 | Lair:2   | Found a runed translucent gate.
 15253 | Lair:2   | Noticed Amaemon
 15256 | Lair:2   | Reached skill level 12 in Fighting
 15268 | Lair:2   | Killed Amaemon
 15565 | Lair:2   | Reached XP level 13. HP: 111/118 MP: 18/18
 15717 | Lair:2   | Found a hole to the Spider Nest.
 17543 | Lair:3   | Identified the ring of the Raven {Contam rC+++ rN+ Str+3
                  | SInv}
 18438 | Lair:4   | Reached skill level 13 in Fighting
 18438 | Lair:4   | Reached skill level 5 in Dodging
 18587 | Lair:4   | Reached XP level 14. HP: 92/129 MP: 20/20
 18771 | Lair:4   | Found a staircase to the Slime Pits.
 18772 | Lair:4   | Found a viscous altar of Jiyva.
 18990 | Lair:4   | Found a runed translucent door.
 18992 | Lair:4   | Noticed Mopsi's ghost (journeyman DsBe)
 19357 | Lair:5   | Entered Level 5 of the Lair of Beasts
 19640 | Lair:5   | Reached skill level 10 in Invocations
 20012 | Lair:5   | Found a dark tunnel.
 20018 | Volcano  | Entered a volcano
 20375 | Lair:5   | Reached skill level 14 in Fighting
 21799 | Lair:5   | Found a corrupted altar of Lugonu.
 21800 | Lair:5   | Found a one-way gate to the infinite horrors of the Abyss.
 21810 | Lair:5   | Identified the +9 plate armour of Fuathrodi {rElec rN+
                  | Int-5 Dex+8}
 22430 | Lair:2   | Killed olaf's ghost
 23152 | D:13     | Noticed Snorg
 23156 | D:13     | Reached skill level 15 in Fighting
 23169 | D:13     | Killed Snorg
 23170 | D:13     | Reached skill level 15 in Armour
 23170 | D:13     | Reached XP level 15. HP: 102/141 MP: 21/21
 23170 | D:13     | Acquired the +5 broad axe of the Usurping Sybil {freeze,
                  | Int+4 Dex+3}
 23197 | D:13     | Found a gate leading to a gauntlet.
 23204 | Gauntlet | Entered a Gauntlet
 23204 | Gauntlet | Found a transporter.
 23402 | Gauntlet | Found a transporter.
 23413 | Gauntlet | Found a transporter.
 23415 | Gauntlet | Found the +5 sword of Power {vorpal}
 23418 | Gauntlet | Found a transporter.
 23437 | Gauntlet | Found a transporter.
 23449 | Gauntlet | Found a transporter.
 23460 | Gauntlet | Found a large runed translucent door.
 23461 | Gauntlet | Found a large runed translucent door.
 23462 | Gauntlet | Found a large runed translucent door.
 23462 | Gauntlet | Found a large runed translucent door.
 23463 | Gauntlet | Found a runed translucent gate.
 23464 | Gauntlet | Found a transporter.
 23464 | Gauntlet | Found a runed translucent gate.
 23465 | Gauntlet | Found a runed translucent gate.
 23466 | Gauntlet | Found a large runed translucent door.
 23466 | Gauntlet | Found a large runed translucent door.
 23467 | Gauntlet | Found a large runed translucent door.
 23468 | Gauntlet | Found a large runed translucent door.
 23476 | Gauntlet | Found a transporter.
 23488 | Gauntlet | Found a transporter.
 23500 | Gauntlet | Found a transporter.
 23519 | Gauntlet | Found a transporter.
 23534 | Gauntlet | Found a transporter.
 23536 | Gauntlet | Found a transporter.
 23563 | Gauntlet | Found a transporter.
 23583 | Gauntlet | Found a transporter.
 23657 | Gauntlet | Found a large runed translucent door.
 23657 | Gauntlet | Found a large runed translucent door.
 23657 | Gauntlet | Found a runed translucent door.
 23657 | Gauntlet | Found a runed translucent door.
 23658 | Gauntlet | Found a large runed translucent door.
 23659 | Gauntlet | Found a large runed translucent door.
 23661 | Gauntlet | Found a transporter.
 23677 | Gauntlet | Found a large runed translucent door.
 23677 | Gauntlet | Found a large runed translucent door.
 23678 | Gauntlet | Found a large runed translucent door.
 23679 | Gauntlet | Found a large runed translucent door.
 23681 | Gauntlet | Found a transporter.
 23703 | Gauntlet | Found a transporter.
 24610 | D:12     | Identified the +2 leather armour of Fun {Dex+6}
 24957 | D:14     | Noticed Jorgrun
 24970 | D:14     | Killed Jorgrun
 25021 | D:14     | Reached skill level 5 in Shields
 25067 | D:14     | Found a gate to the Vaults.
 25115 | D:14     | Reached skill level 10 in Dodging
 25362 | D:14     | You fall into a shaft and drop 1 floor!
 25362 | D:15     | Entered Level 15 of the Dungeon
 25477 | D:15     | Identified the +0 robe of Vuiqonulo {rF- Will- Dex+5
                  | Slay+2}
 25527 | D:15     | Found a staircase to the Depths.
 25567 | D:15     | Noticed Nessos
 25578 | D:15     | Killed Nessos
 25610 | D:15     | Identified the +0 barding of Distant Worlds {rC+ Dex+4}
 25660 | D:15     | Found a runed translucent door.
 25662 | D:15     | Noticed Gahoodgh's ghost (adept HuCj)
 26094 | D:15     | Killed Gahoodgh's ghost
 26095 | D:15     | Reached skill level 16 in Fighting
 26107 | D:15     | Acquired 763 gold pieces
 26674 | Orc:1    | Entered Level 1 of the Orcish Mines
 26674 | Orc:1    | Found a bloodstained altar of Trog.
 26780 | Orc:1    | Found Uxac's CLEARANCE SALE!.
 26809 | Orc:1    | Bought a scroll of enchant weapon for 37 gold pieces
 26809 | Orc:1    | Noticed Maurice
 26817 | Orc:1    | Killed Maurice
 27074 | Orc:1    | Found a frozen archway.
 27094 | IceCv    | Entered an ice cave
 27109 | IceCv    | Found a transporter.
 27115 | IceCv    | Found the +2 hat of the Bear Spirit {Spirit, *Rage Will++}
 27119 | IceCv    | Found a transporter.
 27272 | Orc:2    | Entered Level 2 of the Orcish Mines
 27276 | Orc:2    | Found Zyimops's Book Shoppe.
 27342 | Orc:2    | Found a staircase to the Elven Halls.
 27464 | Orc:2    | Reached XP level 16. HP: 150/152 MP: 22/22
 27506 | Orc:2    | Found Upsiyh's Jewellery Boutique.
 27563 | Orc:2    | Found Yxkegu Zoom's Book Shop.
 27655 | Orc:2    | Found Joina's Armour Shop.
 28079 | Orc:2    | Found Meebroub's Distillery.
 28085 | Orc:2    | Bought 2 potions of curing for 72 gold pieces
 28274 | Swamp:1  | Entered Level 1 of the Swamp
 28353 | Swamp:4  | Entered Level 4 of the Swamp
 28373 | Swamp:4  | Reached skill level 17 in Fighting
 28380 | Swamp:4  | HP: 7/155 [spore (9)]
 28380 | Swamp:4  | HP: 2/155 [spore (5)]
 28523 | Swamp:4  | Noticed the 27-headed Lernaean hydra
 28538 | Swamp:4  | Killed the 26-headed Lernaean hydra
 28668 | Swamp:4  | Got a decaying rune of Zot
 28780 | Swamp:4  | Reached skill level 10 in Shields
 28901 | Spider:1 | Entered Level 1 of the Spider Nest
 29221 | Spider:1 | Reached XP level 17. HP: 163/163 MP: 23/23
 29429 | Spider:2 | Noticed Arachne
 29587 | Spider:2 | Killed Arachne
 29609 | Spider:2 | Reached skill level 18 in Fighting
 29942 | Spider:4 | Entered Level 4 of the Spider Nest
 30307 | Spider:4 | Gained mutation: You sometimes lose your temper in combat.
                  | [mutagenic glow]
 30366 | Spider:4 | Lost mutation: You sometimes lose your temper in combat.
                  | [potion of mutation]
 30366 | Spider:4 | Gained mutation: Your mind is acute. (Int +4, Str/Dex -1)
                  | [potion of mutation]
 30424 | Spider:4 | Got a gossamer rune of Zot
 30720 | Abyss:4  | Cast into level 4 of the Abyss (unwielding a weapon of
                  | distortion)
 30767 | Abyss:4  | Noticed a bone dragon
 30772 | Abyss:4  | Found a transporter.
 30774 | Abyss:4  | Reached skill level 19 in Fighting
 30798 | Abyss:4  | Noticed a Hell Sentinel
 30801 | Abyss:4  | Found a transporter.
 30804 | Abyss:4  | Got an abyssal rune of Zot
 30894 | Abyss:4  | Reached XP level 18. HP: 31/176 MP: 24/24
 30907 | Spider:4 | Escaped the Abyss
 31652 | Depths:1 | Entered Level 1 of the Depths
 31699 | Depths:1 | Noticed a lich
 31713 | Depths:1 | Killed a lich
 31919 | Depths:1 | Found a white marble altar of Elyvilon.
 32029 | Depths:2 | Reached skill level 15 in Dodging
 32175 | Depths:2 | Noticed Sojobo
 32336 | Depths:2 | Killed Sojobo
 32709 | Depths:1 | Found the +9 staff of Olgreb {rPois∞}
 32824 | Depths:2 | Found Athotuuh's Weapon Boutique.
 32916 | Depths:3 | Found a gateway to Hell.
 32936 | Depths:3 | Reached skill level 20 in Fighting
 32943 | Depths:3 | HP: 8/178 [frost giant/+2 battleaxe of freezing (1)]
 32962 | Depths:3 | Killed from afar by a fire giant

Illustrated notes

Levels and vault maps discovered:
D:1:      minmay_arrival_solitary_statue, layout_basic, kennysheep_flooded_box
D:2:      layout_loops_ring
D:3:      minmay_diamond_boxcup, layout_loops_cross, general_overflow_altar,
          nicolae_uskayaw_en_pointe, nicolae_wu_jian_wuxing_cycle,
          minmay_misc_feat_nine_boxes, uniq_robin
D:4:      minmay_goblin_kobold_castle, layout_basic, minitemple,
          minmay_temple_entry_offerings, serial_shops, nicolae_shop_waterfront,
          gup_sewer_entry_bowl
D:5:      layout_basic
D:6:      layout_cave_pools
D:7:      layout_cave_pools, fedhas_altar_2, serial_shops, shop,
          nicolae_ossuary_entry_monument, uniq_menkaure, uniq_joseph
D:8:      layout_basic, nicolae_ru_great_annihilating_truth
D:9:      layout_roguey, makhleb_altar_promises_db, serial_shops,
          nicolae_shop_crystal, patterned_corridor
D:10:     layout_roguey, erik_lair_island, minmay_fountain_box,
          minmay_statues_item
D:11:     lemuel_reptile_caves, layout_cave_pools, erik_orc_1,
          ebering_ghost_reflecting_pool
D:12:     layout_roguey, minmay_parallelograms, grunt_ministairs_4,
          kennysheep_generic_room_4
D:13:     minmay_open_boxes_in_corner, layout_cave_pools,
          gauntlet_entry_generic, uniq_snorg
D:14:     cheibrodos_breeding_chamber, layout_basic, erik_vaults_1,
          kennysheep_crisscross, uniq_jorgrun
D:15:     grunt_enter_depths_snipers, layout_irregular_city,
          minmay_misc_feat_hallway, ebering_ghost_reflecting_pool, uniq_nessos
Temple:   minmay_temple_curvy_branch
Lair:1:   layout_regular_city, grunt_megastairs_2, lemuel_fruit_tree
Lair:2:   layout_gridlike, swamp_mist_pool, spider_nest_entry_rubble,
          gammafunk_ghost_icy, grunt_forest_stairs_clearing, uniq_amaemon
Lair:3:   nzn_motion_control, layout_long_grid, grunt_megastairs_4,
          lemuel_fruit_fields
Lair:4:   layout_roguey, nicolae_slime_entry_slimehenge,
          ebering_ghost_reflecting_pool, chequers_serial_rivers_micro_a,
          grunt_megastairs_5
Lair:5:   hellmonk_lair_end_abyssal_woods, layout_hall_layers, enter_volcano_3
Swamp:1:  gammafunk_sealed_arena, layout_basic_swamp,
          evilmike_swamp_ruin_house_5, infiniplex_staircase_pool
Swamp:2:  layout_falls_marsh, nicolae_swamp_some_circles
Swamp:3:  layout_basic_swamp, nicolae_swamp_big_swirl, swamp_pool2
Swamp:4:  grunt_swamp_rune_castle, layout_basic_swamp,
          nicolae_swamp_super_fun_site
Spider:1: layout_cave_pods
Spider:2: layout_spider_delve, uniq_arachne
Spider:3: spiders_nest_a
Spider:4: hellmonk_spider_rune_bug_friends
Orc:1:    layout_diamond_mine, portal_ice_cave_demonic_guard, basic_altar,
          nicolae_shop_clearance, uniq_maurice
Orc:2:    hellmonk_orc_salted, layout_diamond_mine, serial_shops,
          nicolae_shop_waterfront
Depths:1: layout_basic, serial_shops, kennysheep_little_box,
          nicolae_elyvilon_peaceful_grove, abyss_entry, pf_dread_powers_of_hell,
          kennysheep_generic_room_2
Depths:2: gammafunk_mikee_crab_dinner, layout_gridlike, rand_demon_pan_entry_1,
          abyss_entry, hell_entry, nicolae_stop_n_shop_1, serial_bayou_shore_b,
          serial_bayou_shore_b, minmay_staircase_bubble, uniq_sojobo
Depths:3: minmay_curly_fans, layout_cave_shapes, enter_ziggurat_c, serial_shops,
          nicolae_diamond_shop, hangedman_abyss_or_decor_clamps, hell_entry,
          abyss_entry, dilly_guarded_unrand_elemental_staff

Skill      XL: |  1  2  3  4  5  6  7  8  9 10 11 12 13 14 15 16 17 18 |
---------------+-------------------------------------------------------+-----
Axes           | 3 4 5 6 7 8 10 12 14 16 17 18 | 18.0
Fighting       | 4 5 6 8 9 10 12 13 15 16 17 19 20 | 20.0
Armour         | 4 5 6 8 9 10 12 13 15 16 17 19 | 19.9
Evocations     | 2 6 |  6.0
Invocations    | 1 3 5 7 8 9 10 | 10.5
Dodging        | 2 5 9 11 12 14 15 | 15.4
Shields        | 7 10 12 13 | 13.0

Action                   |  1- 3 |  4- 6 |  7- 9 | 10-12 | 13-15 | 16-18 || total
-------------------------+-------+-------+-------+-------+-------+-------++-------
Melee: War axe           |   117 |   201 |   444 |   395 |       |       ||  1157
       Headbutt          |     9 |    27 |    65 |   101 |   235 |   249 ||   686
       Battleaxe         |       |       |       |   119 |   543 |       ||   662
       Broad axe         |       |       |       |       |   465 |   887 ||  1352
Invok: Upheaval          |       |       |     2 |       |     3 |     4 ||     9
       Disaster Area     |       |       |       |       |       |    12 ||    12
Evoke: Wand              |       |       |     4 |       |     6 |     2 ||    12
  Use: Scroll            |       |     9 |     5 |     5 |    11 |     9 ||    39
       Potion            |       |     1 |     1 |       |     1 |    17 ||    20
 Stab: Paralysed         |       |       |       |     1 |       |       ||     1
       Invisible         |       |       |       |       |       |    20 ||    20
Armor: Plate armour      |    84 |    21 |       |       |   160 |   609 ||   874
       Scale mail        |     1 |       |       |       |       |       ||     1
       Chain mail        |       |   102 |   268 |   186 |   239 |       ||   795
Dodge: Dodged            |    30 |    85 |   154 |   116 |   341 |   511 ||  1237
       Repelled          |       |       |       |     4 |     9 |    10 ||    23
Block: Buckler           |    32 |    47 |   168 |   220 |   205 |   178 ||   850
       Reflection        |       |       |       |     7 |     2 |       ||     9
       Other             |       |       |       |    66 |   338 |       ||   404
       Kite shield       |       |       |       |       |       |   848 ||   848

Table legend: (Time is in decaauts)
 A = Elapsed time spent in this place.
 B = Non-inter-level travel time spent in this place.
 C = Inter-level travel time spent in this place.
 D = Time resting spent in this place.
 E = Time spent auto-exploring this place.
 F = Levels seen in this place.
 G = Mean time per level.
                   A        B        C        D        E       F      G
               +--------+--------+--------+--------+--------+-----+--------+
         Total |  32954 |  30826 |   2128 |   4514 |  20338 |  40 |  823.8 |
       Dungeon |  16658 |  15620 |   1038 |   1928 |  11147 |  15 | 1110.5 |
        Temple |    224 |    157 |     67 |      0 |    152 |   1 |  224.0 |
          Lair |   8070 |   7447 |    623 |   1748 |   4736 |   5 | 1614.0 |
         Swamp |    566 |    534 |     32 |    139 |     92 |   4 |  141.5 |
   Spider Nest |   2377 |   2245 |    132 |    271 |   1375 |   4 |  594.2 |
  Orcish Mines |   1451 |   1269 |    182 |     10 |    963 |   2 |  725.5 |
        Depths |    934 |    882 |     52 |     99 |    432 |   3 |  311.3 |
         Abyss |    167 |    167 |      0 |     22 |     29 |   1 |  167.0 |
         Sewer |   1236 |   1236 |      0 |    297 |    670 |   1 | 1236.0 |
       Ossuary |    225 |    225 |      0 |      0 |    139 |   1 |  225.0 |
      Ice Cave |     90 |     90 |      0 |      0 |     11 |   1 |   90.0 |
       Volcano |    252 |    252 |      0 |      0 |    120 |   1 |  252.0 |
      Gauntlet |    700 |    700 |      0 |      0 |    470 |   1 |  700.0 |
               +--------+--------+--------+--------+--------+-----+--------+

Top non-repeatable levels by time:
  Lair:4: 2069 daAuts
  Lair:5: 1835 daAuts
     D:4: 1776 daAuts
  Lair:2: 1697 daAuts
    D:10: 1600 daAuts
  Lair:3: 1442 daAuts
     D:5: 1348 daAuts
    D:11: 1343 daAuts
     D:9: 1283 daAuts
   Sewer: 1236 daAuts
     D:7: 1147 daAuts
     D:8: 1067 daAuts
     D:2: 1042 daAuts
  Lair:1: 1025 daAuts
    D:14: 1006 daAuts
